[Event "Team 45 45 League T72"]
[Site "Internet Chess Club"]
[Date "2017.04.13"]
[Round "5"]
[White "chesskix"]
[Black "Striker3000"]
[Result "1-0"]
[WhiteElo "1441"]
[BlackElo "1402"]
[Opening "English opening"]
[ECO "A05"]
[Time "20:05:05"]
[TimeControl "2700+45"]

1. Nf3 Nf6 2. c4 g6 3. Nc3 Bg7 4. g3 d6 5. Bg2 O-O 6. O-O e5 7. d3 Nbd7 8. Bd2
Ne8 9. e4 Nc5 10. Be3 f5 11. exf5 gxf5 12. Ng5 h6 13. Bd5+ Kh8 14. Nf7+ Rxf7 15.
Bxf7 f4 16. Bxc5 dxc5 17. Bd5 c6 18. Bg2 Bf5 19. Ne4 fxg3 20. hxg3 Bxe4 21. Bxe4
Qg5 22. Qf3 Nd6 23. Rae1 Rf8 24. Qg2 Qd2 25. f4 Nxe4 26. dxe4 Qd4+ 27. Qf2 Qxc4
28. b3 Qb4 29. f5 Bf6 30. Kg2 Bg5 31. Rh1 Rd8 32. Re2 Rg8 33. f6 c4 34. f7 Rf8
35. Qf5 Qe7 36. Rf2 c3 37. Qg6 c2 38. Rxh6+ Bxh6 39. Qxh6# {Black checkmated}
1-0

[Event "Team 45 45 League T72"]
[Site "Internet Chess Club"]
[Date "2017.04.15"]
[Round "5"]
[White "Uku"]
[Black "Bible-Believer"]
[Result "0-1"]
[WhiteElo "1223"]
[BlackElo "1431"]
[Opening "Scandinavian (center counter) defense"]
[ECO "B01"]
[Time "17:00:36"]
[TimeControl "2700+45"]

1. e4 d5 2. d3 dxe4 3. d4 Nf6 4. f3 c5 5. c3 Nc6 6. Bb5 Qb6 7. Ba4 Bf5 8. d5 Rd8
9. c4 e6 10. Nc3 Be7 11. g4 Bg6 12. f4 O-O 13. b3 Nb4 14. Bd2 Nd3+ 15. Ke2 Nxg4
16. Nh3 Bh5 17. Kf1 Ne3+ 18. Bxe3 Bxd1 19. Rxd1 Bf6 20. Ne2 exd5 21. cxd5 Rxd5
22. Rg1 Qe6 23. Nf2 Nxf2 24. Kxf2 Rfd8 25. Rc1 b6 26. Rg3 Bh4 27. Rg1 Bxg3+ 28.
hxg3 {White resigns} 0-1

[Event "Team 45 45 League T72"]
[Site "Internet Chess Club"]
[Date "2017.04.15"]
[Round "5"]
[White "kingsrook"]
[Black "Coolio9000"]
[Result "0-1"]
[WhiteElo "1258"]
[BlackElo "1233"]
[Opening "QGD: Tarrasch, Prague variation"]
[ECO "D33"]
[Time "13:00:24"]
[TimeControl "2700+45"]

1. d4 d5 2. c4 e6 3. Nc3 Nf6 4. Nf3 c5 5. cxd5 exd5 6. g3 Nc6 7. Bg2 Be6 8. e3
h6 9. O-O Bd6 10. b3 Qd7 11. Bb2 Bh3 12. Re1 O-O 13. e4 dxe4 14. Nxe4 Nxe4 15.
Rxe4 cxd4 16. Bxd4 Bxg2 17. Kxg2 Qf5 18. Qd3 Nb4 19. Qe2 a6 20. Bc3 Nd5 21. Bb2
Qg6 22. Kf1 f5 23. Re6 Qg4 24. Rxd6 Qh3+ 25. Kg1 Kh7 26. Rxd5 Kh8 27. Rad1 f4
28. Qf1 Qg4 29. Qe2 fxg3 30. hxg3 Rxf3 31. Rd8+ Rxd8 32. Rxd8+ Kh7 33. Kg2 Rxg3+
34. Kf1 Rg1# {White checkmated} 0-1

[Event "Team 45 45 League T72"]
[Site "Internet Chess Club"]
[Date "2017.04.17"]
[Round "5"]
[White "AdithJosh"]
[Black "MarcB"]
[Result "0-1"]
[WhiteElo "1651"]
[BlackElo "1722"]
[Opening "Sicilian: Scheveningen, 6.f4"]
[ECO "B82"]
[Time "20:30:11"]
[TimeControl "2700+45"]

1. e4 c5 2. Nc3 d6 3. f4 e6 4. Nf3 Nf6 5. d4 cxd4 6. Nxd4 a6 7. Be3 b5 8. a3 Be7
9. Be2 Bb7 10. Bf3 Qc7 11. Qe2 O-O 12. g4 Nc6 13. h4 Nxd4 14. Bxd4 e5 15. Be3 d5
16. exd5 exf4 17. Bd4 Rfe8 18. Qd3 Bxa3+ 19. Ne2 Be7 20. Bc3 Rad8 21. Qf5 Nxd5
22. Be5 Bd6 23. Bxg7 Kxg7 24. h5 Re5 25. h6+ Kh8 26. Qd3 Bb4+ 27. c3 Nxc3 {White
resigns} 0-1

[Event "Team 45 45 League T72"]
[Site "Internet Chess Club"]
[Date "2017.04.18"]
[Round "5"]
[White "fireball"]
[Black "viktory"]
[Result "1-0"]
[WhiteElo "1603"]
[BlackElo "1640"]
[Opening "Sicilian: Smith-Morra gambit"]
[ECO "B21"]
[Time "17:08:35"]
[TimeControl "2700+45"]

1. e4 c5 2. d4 cxd4 3. c3 dxc3 4. Nxc3 Nc6 5. Nf3 d6 6. Bc4 e6 7. O-O Be7 8. Qe2
Nf6 9. Rd1 e5 10. Bb5 O-O 11. Bxc6 bxc6 12. Nxe5 Qc7 13. Nf3 a5 14. Bf4 Ba6 15.
Qd2 Rfd8 16. Rac1 Rab8 17. Nd5 Nxd5 18. exd5 c5 19. Nd4 Qb7 20. Nc6 Bf6 21. Nxd8
Rxd8 22. Qxa5 Be2 23. Rd2 Bg4 24. Qa3 Bd4 25. Qg3 Bf5 26. Bxd6 Qxd5 27. Bxc5 Rc8
28. b4 Qe4 29. Rcd1 Bxc5 30. bxc5 Re8 31. Rd8 h6 32. Rxe8+ Qxe8 33. Qd6 Kh7 34.
c6 Qe4 35. Qc5 Qg4 36. Qd4 Qg6 37. c7 Bh3 38. g3 Qc6 39. f3 Qxc7 40. Qd3+ g6 41.
Kf2 Qa7+ 42. Qe3 Qxa2+ 43. Qd2 Qa7+ 44. Qd4 Qa2+ 45. Rd2 Qb1 46. Qd3 Qb6+ 47.
Qe3 Qb1 48. g4 Qb8 49. Ke1 Qb1+ 50. Kf2 Qb8 51. Ke1 Qb1+ 52. Rd1 Qb4+ 53. Qd2
Qe7+ 54. Kf2 Qh4+ 55. Kg1 Qf6 56. Qf2 Qf4 57. Qg3 Qxg3+ 58. hxg3 h5 59. gxh5
gxh5 60. Rd4 Bf5 61. Rh4 Kg6 62. Kf2 Kg5 63. Ke3 Bg6 64. Ra4 Kf6 65. Ra5 Kg7 66.
Kf4 Kh6 67. Ke5 Kg7 68. Kd6 {Black resigns} 1-0

[Event "Team 45 45 League T72"]
[Site "Internet Chess Club"]
[Date "2017.04.23"]
[Round "5"]
[White "Bizzy-Ketty"]
[Black "nidusin2"]
[Result "1-0"]
[WhiteElo "1584"]
[BlackElo "1525"]
[Opening "Pirc defense"]
[ECO "B07"]
[Time "10:07:35"]
[TimeControl "2700+45"]

1. e4 d6 2. d4 Nf6 3. Bd3 Nbd7 4. Nf3 e5 5. c3 Be7 6. O-O c6 7. h3 Qc7 8. Re1
Nf8 9. Nbd2 Ng6 10. Nb3 h6 11. Qc2 Nh5 12. Bf1 Nhf4 13. Be3 Be6 14. Nbd2 O-O 15.
b3 f5 16. Bd3 fxe4 17. Bxe4 Rf6 18. Kh1 d5 19. Bxg6 Nxg6 20. dxe5 Bf5 21. Qb2
Rf7 22. c4 Be4 23. Rac1 Raf8 24. Red1 Bxf3 25. Nxf3 Rxf3 26. gxf3 Rxf3 27. Kg2
Nh4+ 28. Kf1 Qd7 29. Ke2 Rxh3 30. Qd4 g5 31. cxd5 Qf5 32. d6 Bd8 33. Qc4+ Kg7
34. e6 Bb6 35. e7 Qf3+ 36. Kd3 Bxe3 37. e8=Q Bf4+ 38. Kc2 {Black resigns} 1-0

[Event "Team 45 45 League T72"]
[Site "Internet Chess Club"]
[Date "2017.04.15"]
[Round "5"]
[White "Skeptic1972"]
[Black "EFXBT"]
[Result "0-1"]
[WhiteElo "1526"]
[BlackElo "1528"]
[Opening "Sicilian: Grand Prix attack"]
[ECO "B23"]
[Time "15:00:39"]
[TimeControl "2700+45"]

1. e4 c5 2. Nc3 Nc6 3. f4 g6 4. Nf3 Bg7 5. d3 d6 6. g3 Nf6 7. Bg2 O-O 8. O-O Bg4
9. h3 Bxf3 10. Bxf3 Nd4 11. Bg2 a6 12. Ne2 Nc6 13. Rb1 e6 14. Be3 b5 15. e5 Nd5
16. Bxd5 exd5 17. exd6 Qxd6 18. Kg2 Rfe8 19. Qd2 Qe7 20. Kf3 d4 21. Bg1 Qe6 22.
g4 Re7 23. Rbe1 Qxa2 24. b3 Nb4 25. Rc1 Rae8 26. Nxd4 Bxd4 27. Bxd4 cxd4 28.
Qxb4 Re3+ 29. Kg2 Qb2 30. Qc5 Rxd3 31. Rce1 Ree3 32. Rxe3 dxe3 33. Kf3 Rc3 34.
Qe5 e2+ 35. Kxe2 Rxc2+ 36. Kf3 Rc3+ 37. Ke4 Qg2+ 38. Kd4 Qd2+ 39. Ke4 Re3#
{White checkmated} 0-1

[Event "Team 45 45 League T72"]
[Site "Internet Chess Club"]
[Date "2017.04.19"]
[Round "5"]
[White "VictorRed"]
[Black "zap2"]
[Result "1/2-1/2"]
[WhiteElo "1678"]
[BlackElo "1798"]
[Opening "Queen's Pawn"]
[ECO "A41"]
[Time "05:09:12"]
[TimeControl "2700+45"]

1. d4 d6 2. Nf3 g6 3. e4 Bg7 4. Bc4 Nf6 5. Nc3 O-O 6. h3 Nxe4 7. Bxf7+ Rxf7 8.
Nxe4 Nc6 9. c3 d5 10. Ng3 e5 11. Bg5 Qd6 12. dxe5 Nxe5 13. Nxe5 Qxe5+ 14. Be3 c5
15. O-O d4 16. cxd4 cxd4 17. Bd2 b6 18. Re1 Qd5 19. f3 Ba6 20. Ne4 h6 21. Qa4
Bb5 22. Qa3 Bf8 23. Bb4 Bxb4 24. Qxb4 Rd8 25. a4 Bc6 26. a5 Qb5 27. Qxb5 Bxb5
28. axb6 axb6 29. Ra3 Kg7 30. Rb3 Bc6 31. Rxb6 Bxe4 32. fxe4 d3 33. Rd1 d2 34.
e5 Rf4 35. Rd6 Rxd6 36. exd6 Rd4 37. Kf2 Rxd6 38. Ke2 Kf6 {Game drawn by mutual
agreement} 1/2-1/2

[Event "Team 45 45 League T72"]
[Site "Internet Chess Club"]
[Date "2017.04.14"]
[Round "5"]
[White "pishd"]
[Black "Heian"]
[Result "0-1"]
[WhiteElo "1759"]
[BlackElo "1680"]
[Opening "Queen's pawn"]
[ECO "A40"]
[Time "12:10:06"]
[TimeControl "2700+45"]

1. d4 e6 2. Nf3 d5 3. e3 f5 4. Be2 Nf6 5. O-O Bd6 6. c4 c6 7. Nc3 O-O 8. b3 Qe7
9. Bb2 Ba3 10. Bxa3 Qxa3 11. Qc2 Ne4 12. Nxe4 fxe4 13. Ne5 Qe7 14. f4 Nd7 15.
Rab1 Nxe5 16. fxe5 Bd7 17. b4 Rxf1+ 18. Bxf1 Qg5 19. Qd2 Rf8 20. c5 Rf3 21. Rb3
Rf8 22. b5 Qf5 23. Qe1 Qg5 24. bxc6 Bxc6 25. Bb5 h5 26. Bxc6 bxc6 27. Ra3 Rf7
28. Ra6 Rf3 29. Ra3 h4 30. Kh1 h3 31. gxh3 Qf5 32. Kg1 Qxh3 33. Rxa7 Rxe3 34.
Qf1 Qg4+ 35. Kh1 Rd3 {White resigns} 0-1

[Event "Team 45 45 League T72"]
[Site "Internet Chess Club"]
[Date "2017.04.14"]
[Round "5"]
[White "QuieroAprender"]
[Black "idjit"]
[Result "0-1"]
[WhiteElo "1566"]
[BlackElo "1614"]
[Opening "French defense, Steiner variation"]
[ECO "C00"]
[Time "18:49:38"]
[TimeControl "2700+45"]

1. e4 e6 2. c4 d5 3. cxd5 exd5 4. exd5 Qxd5 5. Nc3 Qe6+ 6. Be2 Nc6 7. Nf3 Nf6 8.
O-O Bd6 9. Bb5 O-O 10. Bxc6 bxc6 11. Re1 Qg4 12. h3 Qg6 13. Kh1 Qh5 14. Ng1 Ng4
15. Qf3 Be6 16. Rxe6 fxe6 17. Qxg4 Qxg4 18. hxg4 Rxf2 19. Ne4 Rf4 20. Nxd6 cxd6
21. g5 Rf1 22. Kh2 Raf8 23. Nf3 e5 24. b3 e4 25. Nd4 c5 26. Nb5 d5 27. Nxa7 d4
28. Bb2 e3 29. dxe3 dxe3 30. Bc3 e2 31. Be1 Rd8 {White resigns} 0-1

[Event "Team 45 45 League T72"]
[Site "Internet Chess Club"]
[Date "2017.04.16"]
[Round "5"]
[White "drsigmund1"]
[Black "armand068new"]
[Result "0-1"]
[WhiteElo "1406"]
[BlackElo "1551"]
[Opening "Queen's pawn, Mason variation"]
[ECO "D00"]
[Time "14:09:19"]
[TimeControl "2700+45"]

1. d4 d5 2. Bf4 e6 3. Nf3 Nf6 4. e3 c5 5. c3 Be7 6. Bd3 c4 7. Bc2 b5 8. Nbd2
Nbd7 9. h3 Bb7 10. O-O O-O 11. Qe2 Qb6 12. e4 Nxe4 13. Nxe4 dxe4 14. Bxe4 Bxe4
15. Qxe4 Nf6 16. Qc2 Nd5 17. Bh2 a5 18. Ne5 Rfc8 19. Rab1 b4 20. Qd2 a4 21. f4
a3 22. f5 f6 23. Nd7 Qc6 24. fxe6 Qxe6 25. Nc5 Bxc5 26. dxc5 axb2 27. Qxb2 Qe3+
28. Kh1 Nxc3 29. Rbe1 Qxc5 30. Bg1 Qb5 31. Re7 Rxa2 32. Qc1 Qd5 33. Rf2 Rxf2 34.
Bxf2 Qd1+ 35. Qxd1 Nxd1 36. Bd4 c3 37. h4 c2 38. h5 c1=Q 39. h6 {White resigns}
0-1

[Event "Team 45 45 League T72"]
[Site "Internet Chess Club"]
[Date "2017.04.15"]
[Round "5"]
[White "Demachaeron"]
[Black "cityprosecutor"]
[Result "0-1"]
[WhiteElo "1604"]
[BlackElo "1701"]
[Opening "Benkö gambit"]
[ECO "A57"]
[Time "23:03:50"]
[TimeControl "2700+45"]

1. d4 Nf6 2. c4 c5 3. d5 b5 4. b3 g6 5. Nf3 Bg7 6. Bb2 O-O 7. e3 bxc4 8. bxc4 d6
9. Bd3 Nbd7 10. Nbd2 Rb8 11. Qc2 Rxb2 12. Qxb2 Nxd5 13. Qb1 Bxa1 14. Qxa1 Nb4
15. Bb1 Ba6 16. O-O Nb6 17. Qc3 Qd7 18. Rd1 Qe6 19. a3 Nc6 20. Bd3 Rb8 21. Rb1
Qc8 22. Be4 Nd7 23. Rxb8 Ndxb8 24. h4 Qc7 25. Nb3 Nd7 26. g4 Nf6 27. Bd5 Qd7 28.
Nbd2 Qxg4+ 29. Kh2 Nxd5 30. cxd5 Nd8 31. Qa5 Qc8 32. Qc3 f6 33. Kg3 Nf7 34. Nc4
Nh6 35. Nh2 Nf5+ 36. Kg2 Nxh4+ 37. Kg3 Nf5+ 38. Kf3 Nd4+ 39. exd4 Qh3+ {White
resigns} 0-1

[Event "Team 45 45 League T72"]
[Site "Internet Chess Club"]
[Date "2017.04.15"]
[Round "5"]
[White "elessar"]
[Black "bradleyguo175"]
[Result "0-1"]
[WhiteElo "1653"]
[BlackElo "1608"]
[Opening "Sicilian"]
[ECO "B50"]
[Time "10:00:12"]
[TimeControl "2700+45"]

1. e4 c5 2. Nf3 d6 3. g3 Nf6 4. d3 g6 5. Bg2 Nc6 6. O-O Bg7 7. c3 O-O 8. Re1 Bg4
9. h3 Bxf3 10. Bxf3 Nd7 11. Bg2 Rb8 12. Be3 b5 13. e5 Qc7 14. exd6 exd6 15. Bxc6
Qxc6 16. a3 a5 17. Qd2 Ne5 18. Qe2 Nf3+ 19. Kf1 Nd4 {White resigns} 0-1

[Event "Team 45 45 League T72"]
[Site "Internet Chess Club"]
[Date "2017.04.17"]
[Round "5"]
[White "pokerram"]
[Black "Constrictor"]
[Result "1-0"]
[WhiteElo "1615"]
[BlackElo "1563"]
[Opening "QGD Slav: Czech defense"]
[ECO "D17"]
[Time "17:00:28"]
[TimeControl "2700+45"]

1. Nf3 d5 2. d4 c6 3. c4 Nf6 4. Nc3 dxc4 5. a4 Bf5 6. Nh4 Bg6 7. Nxg6 hxg6 8. e4
e6 9. Bxc4 Bb4 10. O-O O-O 11. Bg5 Qa5 12. Bxf6 gxf6 13. Qc2 Qh5 14. Ne2 Bd6 15.
Ng3 Qh4 16. Rae1 Bf4 17. e5 f5 18. h3 Bxg3 19. fxg3 Qxd4+ 20. Kh2 Qc5 21. Qb3
Nd7 22. Bxe6 Nxe5 23. Bxf5 Rae8 24. Bxg6 Qd5 25. Qxd5 cxd5 26. Bh5 d4 27. Rd1
Rd8 28. Bf3 Nc4 29. Rd3 Nxb2 30. Rb3 Nxa4 31. Rxb7 d3 32. Rxa7 Rd4 33. Bh5 f6
34. Rf4 Rxf4 35. gxf4 Nb2 36. Rd7 Rc8 37. Bg6 Rc4 38. Bf7+ {Black resigns} 1-0

[Event "Team 45 45 League T72"]
[Site "Internet Chess Club"]
[Date "2017.04.13"]
[Round "5"]
[White "Hal2001"]
[Black "anishio"]
[Result "1-0"]
[WhiteElo "1610"]
[BlackElo "1649"]
[Opening "Giuoco Piano"]
[ECO "C54"]
[Time "13:45:43"]
[TimeControl "2700+45"]

1. e4 e5 2. Nf3 Nc6 3. Bc4 Bc5 4. c3 Nf6 5. d3 O-O 6. Bg5 h6 7. Bh4 d6 8. h3 Na5
9. Bb5 a6 10. Ba4 b5 11. Bc2 Bb6 12. Nbd2 Be6 13. g4 Kh7 14. g5 hxg5 15. Nxg5+
Kh6 16. Ndf3 g6 17. Nxe6 fxe6 18. Qd2+ Kg7 19. Ng5 Qd7 20. Bd1 Rh8 21. Bg3 Raf8
22. Be2 Nh5 23. Bxh5 Rxh5 24. O-O-O c5 25. h4 Nc6 26. f3 a5 27. Bf2 a4 28. a3
Ba5 29. Qc2 Rb8 30. b3 b4 31. cxb4 cxb4 32. Qc4 Nd4 33. Kb1 d5 34. Qa6 Nxb3 35.
Nxe6+ Kg8 36. Nc5 Nxc5 37. Qxg6+ Kf8 38. Bxc5+ {Black resigns} 1-0

[Event "Team 45 45 League T72"]
[Site "Internet Chess Club"]
[Date "2017.04.13"]
[Round "5"]
[White "fishhead"]
[Black "ascoli"]
[Result "0-1"]
[WhiteElo "1701"]
[BlackElo "1681"]
[Opening "French: Steinitz variation"]
[ECO "C11"]
[Time "13:00:38"]
[TimeControl "2700+45"]

1. e4 e6 2. d4 d5 3. Nc3 Nf6 4. e5 Nfd7 5. Nce2 c5 6. c3 Nc6 7. Nf3 cxd4 8. cxd4
f6 9. Nf4 Bb4+ 10. Bd2 Qe7 11. Bb5 fxe5 12. dxe5 O-O 13. O-O Bxd2 14. Qxd2 Ndxe5
15. Nxe5 Nxe5 16. Rfe1 Qg5 17. Rxe5 Qxe5 18. g3 a6 19. Re1 Qd6 20. Bf1 Bd7 21.
Qd4 Rae8 22. Re5 Rf5 23. Rxf5 exf5 24. Nxd5 Bc6 25. Bc4 Kh8 26. Qd3 Re1+ 27. Kg2
Re5 {White resigns} 0-1

[Event "Team 45 45 League T72"]
[Site "Internet Chess Club"]
[Date "2017.04.14"]
[Round "5"]
[White "Portola"]
[Black "filmdirector"]
[Result "1/2-1/2"]
[WhiteElo "1773"]
[BlackElo "1566"]
[Opening "Queen's pawn game"]
[ECO "D02"]
[Time "14:18:38"]
[TimeControl "2700+45"]

1. d4 d5 2. Nf3 Bf5 3. c3 Nf6 4. Bf4 e6 5. e3 Bd6 6. Ne5 O-O 7. Nd2 Nfd7 8. Ndf3
f6 9. Nxd7 Nxd7 10. Bxd6 cxd6 11. Be2 a5 12. O-O a4 13. Qd2 a3 14. b3 Bg6 15.
Rac1 Bf7 16. Bd3 e5 17. dxe5 dxe5 18. Bb1 b5 19. Qe2 Qb6 20. Rfd1 Rfd8 21. Nh4
Be6 22. Qh5 Nf8 23. Nf3 Bf7 24. Qg4 Be6 25. Qg3 Ng6 26. Bxg6 hxg6 27. Qxg6 Rac8
28. Nh4 d4 29. exd4 exd4 30. c4 bxc4 31. bxc4 Rxc4 32. Rb1 Rb4 33. Rxb4 Qxb4 34.
Rb1 Qc4 35. h3 Qd5 36. Qg3 Qe5 37. Qxa3 Qe4 38. Rb6 Qe1+ 39. Kh2 Qe5+ 40. Kg1
Qe1+ 41. Kh2 Qe5+ 42. Kg1 {Game drawn by mutual agreement} 1/2-1/2

[Event "Team 45 45 League T72"]
[Site "Internet Chess Club"]
[Date "2017.04.14"]
[Round "5"]
[White "seattleblues"]
[Black "rubo"]
[Result "0-1"]
[WhiteElo "1305"]
[BlackElo "1629"]
[Opening "King's Indian, 3.Nf3"]
[ECO "E61"]
[Time "21:33:38"]
[TimeControl "2700+45"]

1. d4 Nf6 2. Nf3 g6 3. c4 Bg7 4. Nc3 O-O 5. Bf4 d6 6. e3 Re8 7. Be2 Nbd7 8. O-O
Nh5 9. Bg5 Nhf6 10. Bf4 a6 11. h3 b6 12. b4 e5 13. dxe5 dxe5 14. Bh2 Bb7 15. Qc2
Qe7 16. a3 Qf8 17. Rad1 a5 18. Nb5 Rac8 19. Na7 Be4 20. Qxe4 Nxe4 21. Nxc8 Nc3
22. Rxd7 Nxe2+ 23. Kh1 Rxc8 24. Nxe5 Bxe5 25. Bxe5 axb4 26. axb4 Qe8 27. Rxc7
Rxc7 28. Bxc7 Qc6 29. Be5 f6 30. Bd4 Nxd4 31. exd4 Qxc4 {White resigns} 0-1

[Event "Team 45 45 League T72"]
[Site "Internet Chess Club"]
[Date "2017.04.16"]
[Round "5"]
[White "nosir"]
[Black "vic20gt"]
[Result "1-0"]
[WhiteElo "1460"]
[BlackElo "1314"]
[Opening "Queen's pawn"]
[ECO "A40"]
[Time "07:00:18"]
[TimeControl "2700+45"]

1. d4 e6 2. Nf3 d5 3. Bf4 Bd6 4. Bxd6 Qxd6 5. Nbd2 b6 6. e3 Ba6 7. Bxa6 Nxa6 8.
c3 c5 9. Qa4+ b5 10. Qxb5+ Kd8 11. Ne5 Nh6 12. Nc6+ Kc7 13. Qa5+ Kb7 14. Ne5 f6
15. Nef3 Qb6 16. Qa4 Kc7 17. O-O Qc6 18. Qa3 Rab8 19. e4 Rb6 20. exd5 Qxd5 21.
b3 Kb7 22. Nc4 Rb5 23. Na5+ Kb6 24. Nc4+ Kb7 25. Qa4 Nc7 26. Na3 Rb6 27. Rad1
Ra6 28. Qc4 Rxa3 29. Qe2 Nb5 30. Qxb5+ Kc7 31. dxc5 Qc6 32. Nd4 Qe8 33. c6 Qc8
34. Nxe6+ {Black resigns} 1-0

[Event "Team 45 45 League T72"]
[Site "Internet Chess Club"]
[Date "2017.04.13"]
[Round "5"]
[White "Constrictor"]
[Black "bmw2002"]
[Result "1-0"]
[WhiteElo "1578"]
[BlackElo "1465"]
[Opening "Réti opening"]
[ECO "A05"]
[Time "20:04:13"]
[TimeControl "2700+45"]

1. Nf3 Nf6 2. b4 g6 3. Bb2 Bg7 4. e3 d5 5. c4 c6 6. d4 O-O 7. Be2 Bf5 8. O-O
Nbd7 9. Nc3 Re8 10. cxd5 cxd5 11. Rc1 Nb6 12. Bb5 Bd7 13. Ne5 Bxb5 14. Nxb5 a6
15. Nc7 Nc4 16. Nxe8 Nxb2 17. Nxf6+ Bxf6 18. Qb3 Nc4 19. Nxc4 dxc4 20. Rxc4 Kg7
21. Rfc1 Qd5 22. Rc8 Rxc8 23. Rxc8 Qd7 24. Qc4 Qa4 25. g3 e6 26. d5 Qd1+ 27. Kg2
exd5 28. Qc5 Kh6 29. Qf8+ Kg5 30. Qxf7 Qd3 31. Re8 Qb5 32. Re6 Bc3 33. Qf4+ Kh5
34. Qh4# {Black checkmated} 1-0

[Event "Team 45 45 League T72"]
[Site "Internet Chess Club"]
[Date "2017.04.15"]
[Round "5"]
[White "BrerRabbit"]
[Black "guyd52"]
[Result "1-0"]
[WhiteElo "1373"]
[BlackElo "1310"]
[Opening "Queen's pawn, Mason variation"]
[ECO "D00"]
[Time "19:00:27"]
[TimeControl "2700+45"]

1. d4 d5 2. Bf4 g6 3. e3 Bg7 4. Nf3 Nf6 5. Be2 O-O 6. O-O Ne4 7. Nbd2 Nxd2 8.
Qxd2 Nd7 9. c4 c6 10. cxd5 cxd5 11. Rac1 a6 12. Rc2 Nf6 13. Rfc1 Bf5 14. Rc7 b6
15. Qb4 Nd7 16. R7c3 Nc5 17. dxc5 Bxc3 18. Rxc3 b5 19. Qd4 f6 20. Qd1 Rc8 21. b4
h5 22. Bd3 Be4 23. h3 e5 24. Bh2 Bxf3 25. gxf3 f5 26. Bxe5 Qh4 27. Bf1 Qd8 28.
a3 Kh7 29. Rd3 Qe7 30. Rxd5 Rfd8 31. f4 Rxd5 32. Qxd5 Rd8 33. Bd6 Qf6 34. Qb7+
Qg7 35. Qxg7+ Kxg7 36. Bg2 Kf7 37. Bb7 Ke6 38. Kg2 Rb8 39. Bxb8 {Black resigns}
1-0

[Event "Team 45 45 League T72"]
[Site "Internet Chess Club"]
[Date "2017.04.12"]
[Round "5"]
[White "Barnabe"]
[Black "kwen2008"]
[Result "1-0"]
[WhiteElo "1730"]
[BlackElo "1480"]
[Opening "Vienna gambit"]
[ECO "C29"]
[Time "19:00:34"]
[TimeControl "2700+45"]

1. e4 e5 2. Nc3 Nf6 3. f4 d6 4. Nf3 exf4 5. d4 Nc6 6. Bxf4 d5 7. e5 Nd7 8. Nxd5
Nb6 9. Nxb6 axb6 10. c3 Be7 11. Be2 O-O 12. O-O Be6 13. a3 Na5 14. Qa4 Bb3 15.
Qb5 Bc2 16. Bd1 c6 17. Qe2 Bf5 18. b4 Be6 19. bxa5 Rxa5 20. Qb2 b5 21. Be2 Qa8
22. Bg5 Bxa3 23. Qc2 Bb4 24. Rxa5 Bxa5 25. Ra1 Qa7 26. Be7 Ra8 27. Bc5 Qb8 28.
Bb4 Bxb4 29. Rxa8 Qxa8 30. cxb4 Qa1+ 31. Kf2 Bd5 32. Qd2 Bc4 33. Bxc4 bxc4 34.
e6 fxe6 35. Qe2 Qc1 36. Qxe6+ Kf8 37. Qc8+ Kf7 38. Qxb7+ Kg8 39. Qc8+ Kf7 40.
Qxc6 Qc2+ 41. Kg3 c3 42. Ne5+ Kf8 43. Qd6+ Ke8 44. Qd7+ Kf8 45. Qf7# {Black
checkmated} 1-0

[Event "Team 45 45 League T72"]
[Site "Internet Chess Club"]
[Date "2017.04.15"]
[Round "5"]
[White "tuotuo123"]
[Black "mongmong"]
[Result "1-0"]
[WhiteElo "1512"]
[BlackElo "1505"]
[Opening "French: Tarrasch"]
[ECO "C03"]
[Time "12:17:58"]
[TimeControl "2700+45"]

1. e4 e6 2. d4 d5 3. Nd2 h6 4. Ngf3 Nf6 5. e5 Nfd7 6. Bd3 c5 7. c3 Nc6 8. O-O g5
9. dxc5 Nxc5 10. Bb5 a6 11. Be2 Nd7 12. c4 Ndxe5 13. cxd5 Qxd5 14. Nxe5 Nxe5 15.
Nf3 Qxd1 16. Rxd1 Nxf3+ 17. Bxf3 Bc5 18. b3 Ke7 19. Bb2 f6 20. Rac1 Bb6 21. Ba3+
Kf7 22. Bh5+ Kg7 23. Rd6 Bd8 24. Bg4 Be7 25. Rc7 Kf8 26. Rd1 Bxa3 27. Rd8#
{Black checkmated} 1-0

[Event "Team 45 45 League T72"]
[Site "Internet Chess Club"]
[Date "2017.04.15"]
[Round "5"]
[White "jmdana"]
[Black "sdk"]
[Result "1-0"]
[WhiteElo "1560"]
[BlackElo "1436"]
[Opening "Alekhine's defense: Scandinavian variation"]
[ECO "B02"]
[Time "11:30:45"]
[TimeControl "2700+45"]

1. e4 Nf6 2. Nc3 d5 3. exd5 Nxd5 4. Bc4 e6 5. Nf3 Nxc3 6. bxc3 Be7 7. O-O b6 8.
d4 Bb7 9. Ne5 O-O 10. Qg4 Nc6 11. Bh6 Bf6 12. Rfe1 Kh8 13. Bf4 Bxe5 14. dxe5 Qe8
15. Bb5 a6 16. Bd3 Ne7 17. Re3 Nf5 18. Qh5 g6 19. Qg5 Qe7 20. Rh3 Rfe8 21. g4
Qxg5 22. Bxg5 Ne7 23. c4 Rad8 24. f4 Bc6 25. Bf6+ Kg8 26. Re1 Rd4 27. Ree3 Kf8
28. Rxh7 Ng8 29. Rh8 Rxf4 30. Be2 Bd7 31. Reh3 Rxf6 32. exf6 c5 33. R3h7 Rb8
{Black resigns} 1-0

[Event "Team 45 45 League T72"]
[Site "Internet Chess Club"]
[Date "2017.04.15"]
[Round "5"]
[White "dinosaurchess"]
[Black "smsxman"]
[Result "1-0"]
[WhiteElo "1350"]
[BlackElo "1269"]
[Opening "Ruy Lopez: old Steinitz defense"]
[ECO "C62"]
[Time "13:00:18"]
[TimeControl "2700+45"]

1. e4 e5 2. Nf3 Nc6 3. Bb5 d6 4. O-O Bd7 5. Nc3 Nf6 6. d3 Be7 7. Re1 O-O 8. h3
a6 9. Ba4 b5 10. Bb3 Na5 11. Bd5 c6 12. Bb3 Nb7 13. Be3 a5 14. a3 b4 15. axb4
axb4 16. Rxa8 Qxa8 17. Ne2 c5 18. Ng3 Na5 19. Bc4 Nxc4 20. dxc4 Bc6 21. Bg5 h6
22. Bxf6 Bxf6 23. Qxd6 Be7 24. Qxe7 {Black resigns} 1-0

[Event "Team 45 45 League T72"]
[Site "Internet Chess Club"]
[Date "2017.04.14"]
[Round "5"]
[White "ascoli"]
[Black "Ajolote"]
[Result "0-1"]
[WhiteElo "1667"]
[BlackElo "1735"]
[Opening "Ruy Lopez: Classical defense deferred"]
[ECO "C70"]
[Time "15:00:41"]
[TimeControl "2700+45"]

1. e4 e5 2. Nf3 Nc6 3. Bb5 a6 4. Ba4 Bc5 5. c3 b5 6. Bb3 Nf6 7. d4 exd4 8. cxd4
Bb4+ 9. Nc3 O-O 10. O-O Bxc3 11. bxc3 Nxe4 12. Bc2 d5 13. Bxe4 dxe4 14. Ng5 Bf5
15. Re1 Re8 16. Qh5 Bg6 17. Qg4 Qd5 18. Bf4 b4 19. cxb4 Nxb4 20. Re2 Qxd4 21.
Bxc7 Qxa1+ {White resigns} 0-1

[Event "Team 45 45 League T72"]
[Site "Internet Chess Club"]
[Date "2017.04.15"]
[Round "5"]
[White "Toalla"]
[Black "Xbug"]
[Result "1-0"]
[WhiteElo "1151"]
[BlackElo "1117"]
[Opening "Sicilian defense"]
[ECO "B33"]
[Time "15:01:41"]
[TimeControl "2700+45"]

1. e4 c5 2. Nf3 Nc6 3. d4 cxd4 4. Nxd4 Nf6 5. Nc3 e6 6. Ndb5 d5 7. exd5 Nxd5 8.
Nxd5 exd5 9. Qxd5 Be7 10. Bc4 Be6 11. Qxd8+ Rxd8 12. Nc7+ Kd7 13. Nxe6 fxe6 14.
c3 Ne5 15. Be2 Kc6 16. O-O Rhf8 17. Be3 Bc5 18. Bxc5 Kxc5 19. Rad1 Rc8 20. b4+
Kc6 21. Rd2 Kb6 22. f4 Nc4 23. Bxc4 Rxc4 24. Rd6+ Rc6 25. Rxc6+ Kxc6 26. g3 Rc8
27. Rd1 h5 28. h4 b5 29. Rd4 Kc7 30. c4 Kc6 31. c5 a6 32. Rd6+ Kc7 33. Rxe6 Ra8
34. Re7+ Kd8 35. Rxg7 Rc8 36. Kf2 Rc7 37. Rxc7 Kxc7 38. f5 Kd7 39. Kf3 Ke7 40.
Kf4 Kf6 41. c6 Ke7 42. Ke5 Kd8 43. Kd6 Kc8 44. f6 a5 45. a3 a4 46. f7 Kb8 47.
f8=Q+ Ka7 48. Qf2+ Kb8 49. c7+ Kc8 50. Qf5+ Kb7 51. Qxb5+ Ka7 52. Qa5+ Kb7 53.
Qb5+ Ka7 54. Qc5+ Kb7 55. c8=Q# {Black checkmated} 1-0